 Dungeon Crawl Stone Soup version 0.28.0-53-g5a82cb258f (webtiles) character file.

Game seed: 3307668644778972438

2049 SanguineChosen the Cudgeller (level 9, -1/55 HPs)
             Began as a Gargoyle Fighter on July 18, 2022.
             Slain by a wight
             ... wielding a +2 battleaxe
              (5 damage)
             ... on level 6 of the Dungeon on July 19, 2022.
             The game lasted 00:23:30 (9887 turns).

SanguineChosen the Cudgeller (Gargoyle Fighter)     Turns: 9887, Time: 00:23:31

Health: -1/55      AC: 19    Str: 25    XL:     9   Next: 25%
Magic:  9/9        EV: 10    Int:  8    God:
Gold:   1435       SH:  5    Dex:  9    Spells: 8/8 levels left

rFire   . . .      SeeInvis .   m - +2 morningstar
rCold   . . .      Faith    .   c - +0 buckler
rNeg    + . .      Spirit   .   b - +0 scale mail
rPois   ∞          Reflect  .   x - +1 helmet
rElec   +          Harm     .   z - +2 cloak
rCorr   .          Rampage  .   (no gloves)
Will    .....                   (no boots)
Stlth   ..........              (no amulet)
HPRegen 0.18/turn               (no ring)
MPRegen 0.11/turn               (no ring)

@: no status effects
A: sickness immunity, AC +6, negative energy resistance 1, electricity
resistance, torment resistance 1, petrification resistance
a: no special abilities


You were on level 6 of the Dungeon.
You visited 1 branch of the dungeon, and saw 6 of its levels.
You also visited: Ossuary.

You collected 1435 gold pieces.

Inventory:

Hand Weapons
 a - a +0 flail
 l - a +4 great sword
 m - a +2 morningstar (weapon)
 y - a +4 quarterstaff of chaos
Missiles
 h - 3 atropa-tipped darts
 o - 7 poisoned darts (quivered)
Armour
 b - a +0 scale mail (worn)
 c - a +0 buckler (worn)
 x - a +1 helmet (worn)
 z - a +2 cloak (worn)
Jewellery
 g - a +4 ring of evasion
Wands
 p - a wand of mindburst (13)
 q - a wand of acid (7)
Scrolls
 f - 2 scrolls of teleportation
Potions
 d - a potion of might
 e - 2 potions of lignification
 i - a potion of flight
 j - 2 potions of brilliance
 k - a potion of cancellation
 v - a potion of invisibility {unknown}


   Skills:
 + Level 5.7 Fighting
 + Level 7.5 Maces & Flails
 + Level 0.3 Throwing
 + Level 6.9 Armour
 + Level 3.2 Dodging
 + Level 1.1 Stealth
 + Level 5.7 Shields


You had 8 spell levels left.
You didn't know any spells.
Your spell library contained the following spells:

 Spells                   Type           Power      Damage    Failure   Level
 Static Discharge         Conj/Air       0%         N/A       88%         2
 Call Canine Familiar     Summ           0%         N/A       98%         3
 Portal Projectile        Hex/Tloc       0%         N/A       98%         3
 Dispel Undead            Necr           0%         3d6       100%        4
 Leda's Liquefaction      Hex/Erth       0%         N/A       100%        4
 Sticky Flame             Conj/Fire      0%         2d3       100%        4


Dungeon Overview and Level Annotations

Branches:
Dungeon (6/15)             Temple (0/1) D:5         Ossuary (visited)

Altars:
Gozag
Uskayaw
Xom

Shops:
D:2 =   D:4 :


Innate Abilities, Weirdness & Mutations

You are immune to sickness and miasma.
Your stone body is resilient. (AC +6)
You are immune to poison.
You resist negative energy. (rN+)
You are resistant to electric shocks. (rElec)
You are resistant to unholy torment.
You are immune to petrification.


Message History

The black bear claws you but does no damage.
The wight hits you but does no damage.
There is a stone staircase leading up here.
You puncture the black bear!
The black bear is severely wounded.
The black bear bites you but does no damage.
The black bear claws you but does no damage.
The black bear claws you. The wight barely misses you.
You puncture the black bear!
The black bear is almost dead.
The black bear goes berserk!
The wight hits you with a +2 battleaxe.
You closely miss the wight. The black bear barely misses you.
The black bear claws you but does no damage.
The black bear barely misses you. The wight closely misses you.
The black bear completely misses you. The black bear claws you.
The black bear claws you but does no damage.
You barely miss the wight.
The black bear bites you but does no damage.
The black bear claws you. The black bear barely misses you.
The wight hits you with a +2 battleaxe! The black bear barely misses you.
The black bear closely misses you. x2
You barely miss the wight. The wight closely misses you.
The black bear bites you but does no damage.
The black bear claws you but does no damage. x2
The wight hits you but does no damage.
You barely miss the black bear.
The black bear is almost dead.
The black bear bites you but does no damage.
The black bear claws you but does no damage.
The black bear barely misses you. The black bear bites you.
The black bear barely misses you. You block the black bear's attack.
The wight hits you with a +2 battleaxe!
* * * LOW HITPOINT WARNING * * *
You sock the black bear!
You kill the black bear!
You block the wight's attack.
You barely miss the wight. The wight hits you with a +2 battleaxe.
* * * LOW HITPOINT WARNING * * *
The wight hits you with a +2 battleaxe.
You die...

## ##..............######
#......
##.................####...##.
#......#........#.#.#...##..
##....##.#..................
##......#.##...###.........
##......#......##........#.
##.........[....##........##
###..............####...(.#.#.
#............@...####.........
#....##.....z†.....#........##
##..###...............##..####
##...##...............###.##
#..........#..........##...#
##..##....##...#.....####..#
#.###.#.##....####.## #...#
### ######....# ### ##..#
###..# ####


You could see a wight.

Vanquished Creatures
  Menkaure (D:4)
  2 water moccasins
  A sky beast (D:5)
  An ice beast (D:5)
  A black bear (D:6)
  An orc warrior (D:5)
  2 ogres (D:5)
  A phantom (D:4)
  5 scorpions
  2 wights (D:5)
  A howler monkey (D:5)
  3 hounds
  2 orc priests (D:5)
  A bullfrog skeleton (D:6)
  Crazy Yiuf (D:4)
  2 centaur skeletons
  2 iguanas
  3 orc wizards
  Robin (D:4)
  A howler monkey zombie (D:6)
  A mummy (Ossuary)
  2 gnolls
  6 adders
  3 white imps
  An ufetubus (D:4)
  3 worms
  The ghost of JacoesBerries the Sneak, a weakling DEDe (D:5)
  13 orcs
  A spectral bat (Ossuary)
  6 bats
  9 endoplasms
  2 giant cockroaches (D:1)
  12 gnoll zombies (Ossuary)
  18 goblins
  12 hobgoblins
  4 jackals (D:3)
  6 quokkas
  14 ball pythons
  5 bat simulacra (Ossuary)
  3 frilled lizards
  3 goblin zombies (Ossuary)
  3 hobgoblin zombies (Ossuary)
  8 kobolds
  A kobold simulacrum (Ossuary)
  3 kobold zombies (Ossuary)
  9 orc zombies (Ossuary)
  8 rats
  4 rat simulacra (Ossuary)
  4 spectral goblins (Ossuary)
  3 spectral kobolds (Ossuary)
  3 spectral rats (Ossuary)
205 creatures vanquished.

Vanquished Creatures (others)
  A plant (D:3)
1 creature vanquished.

Grand Total: 206 creatures vanquished

Notes
Turn   | Place    | Note
-------+----------+-------------------------------------------
     0 | D:1      | SanguineChosen the Gargoyle Fighter began the quest for the
                  | Orb.
     0 | D:1      | Reached XP level 1. HP: 14/14 MP: 1/1
     6 | D:1      | Noticed an anaconda
     6 | D:1      | Noticed a polar bear
     6 | D:1      | Noticed a komodo dragon
     7 | D:1      | Noticed a wolf
     7 | D:1      | Noticed a swamp worm
    29 | D:1      | You fall into a shaft and drop 1 floor!
   126 | D:2      | Found Mylycs's Jewellery Emporium.
   406 | D:2      | Reached XP level 2. HP: 17/19 MP: 2/2
  1231 | D:1      | Reached XP level 3. HP: 19/23 MP: 3/3
  1523 | D:1      | Found a faded altar of an unknown god.
  2985 | D:3      | Reached skill level 3 in Maces & Flails
  3078 | D:3      | Reached XP level 4. HP: 26/28 MP: 4/4
  3655 | D:3      | Found an opulent altar of Gozag.
  4061 | D:3      | Reached XP level 5. HP: 25/33 MP: 5/5
  4468 | D:4      | Found a sand-covered staircase.
  4481 | Ossuary  | Entered an ossuary
  4708 | Ossuary  | Reached skill level 4 in Maces & Flails
  5180 | D:4      | Reached XP level 6. HP: 16/38 MP: 6/6
  5436 | D:4      | Found a runed translucent door.
  5437 | D:4      | Noticed Crazy Yiuf
  5538 | D:4      | Reached skill level 1 in Dodging
  5770 | D:4      | Noticed Menkaure
  5789 | D:4      | Killed Menkaure
  5790 | D:4      | Reached skill level 5 in Maces & Flails
  5790 | D:4      | Reached XP level 7. HP: 15/44 MP: 7/7
  6118 | D:4      | Reached skill level 5 in Armour
  6524 | D:4      | Found a shimmering altar of Xom.
  6614 | D:4      | Noticed Robin
  6628 | D:4      | HP: 3/66 [goblin/+0 dagger[Robin] (1)]
  6645 | D:4      | Killed Robin
  7138 | D:4      | Found Naishrepp's Book Boutique.
  7326 | D:4      | Killed Crazy Yiuf
  7423 | D:4      | Identified a scroll of acquirement
  7423 | D:4      | Acquired 1128 gold pieces
  7520 | D:5      | Entered Level 5 of the Dungeon
  7728 | D:4      | Reached skill level 1 in Stealth
  7728 | D:4      | Reached skill level 5 in Shields
  7728 | D:4      | Reached XP level 8. HP: 14/48 MP: 8/8
  8065 | D:5      | Reached skill level 6 in Maces & Flails
  8123 | D:5      | Reached skill level 5 in Fighting
  8374 | D:5      | Found a hide-covered altar of Uskayaw.
  8589 | D:5      | Found a runed translucent door.
  8591 | D:5      | Noticed JacoesBerries's ghost (weakling DEDe)
  8683 | D:5      | Found a staircase to the Ecumenical Temple.
  8747 | D:5      | Killed JacoesBerries's ghost
  8849 | D:5      | HP: 2/49 [orc priest/divine providence (8)]
  9072 | D:5      | Reached skill level 7 in Maces & Flails
  9072 | D:5      | Reached XP level 9. HP: 4/54 MP: 9/9
  9887 | D:6      | Slain by a wight

Illustrated notes

Levels and vault maps discovered:
D:1:      onia_arrival_zoo_common, layout_basic,
          hellmonk_ecumenical_altar_heavens_door
D:2:      layout_basic, serial_shops, shop
D:3:      layout_basic, mainiacjoe_overflow_alcove_4, minmay_misc_feat_enclosed,
          grunt_ministairs_7, minivault_5, saegor_snake_ambush
D:4:      layout_layer_cave, xom_confusion_cloud, enter_ossuary_2, serial_shops,
          nicolae_shop_behind_doors, uniq_robin, uniq_menkaure,
          uniq_crazy_yiuf_cottage
D:5:      layout_rooms, mainiacjoe_overflow_concentric_impassable,
          minmay_temple_entry_mist, ebering_ghost_reflecting_pool
D:6:      layout_cave_pools, mainiacjoe_overflow_brackets,
          okawaru_altar_gauntlet_db, kennysheep_flooded_box, kennysheep_donut,
          minmay_misc_feat_tower

Skill      XL: |  1  2  3  4  5  6  7  8 |
---------------+-------------------------+-----
Maces & Flails | 3 4 5 7 |  7.5
Armour         | 4 5 6 |  6.9
Fighting       | 4 5 |  5.7
Shields        | 4 5 |  5.7
Dodging        | 1 2 3 |  3.2
Stealth        | 1 |  1.1
Throwing       | |  0.3

Action                   |  1- 3 |  4- 6 |  7- 9 || total
-------------------------+-------+-------+-------++-------
Melee: Flail             |   147 |   282 |   382 ||   811
       Morningstar       |       |       |     8 ||     8
Throw: Dart              |       |     2 |     9 ||    11
Evoke: Wand              |       |       |     1 ||     1
  Use: Potion            |       |     1 |     8 ||     9
       Scroll            |       |       |    14 ||    14
Armor: Scale mail        |    77 |   126 |   308 ||   511
       Skin              |       |       |    98 ||    98
Dodge: Dodged            |    68 |    99 |   235 ||   402
Block: Buckler           |    31 |    49 |   125 ||   205
